 Dungeon Crawl Stone Soup version 0.29-a0-469-gd254ca6 (webtiles) character file.

Game seed: 17826699117977895409

284 Think the Cutter (level 6, -10/42 HPs)
             Began as an Octopode Fighter on May 22, 2022.
             Was a Priest of Zin.
             Mangled by an ogre
             ... wielding a +0 giant club
              (23 damage)
             ... on level 6 of the Dungeon.
             The game lasted 00:06:46 (4100 turns).

Think the Cutter (Octopode Fighter)                 Turns: 4100, Time: 00:06:46

Health: -10/42     AC:  1    Str: 22    XL:     6   Next: 29%
Magic:  4/6        EV: 13    Int: 13    God:    Zin [***...]
Gold:   162        SH:  4    Dex: 13    Spells: 5/5 levels left

rFire   . . .      SeeInvis .   a - +0 rapier
rCold   . . .      Faith    .   b - +0 buckler
rNeg    . . .      Spirit   .   (helmet restricted)
rPois   ∞          Reflect  .   (no amulet)
rElec   .          Harm     .   k - +6 ring of strength
rCorr   .          Rampage  .   (no ring)
Will    .....                   (no ring)
Stlth   ++........              (no ring)
HPRegen 0.14/turn               (no ring)
MPRegen 0.10/turn               (no ring)
                                (no ring)
                                (no ring)

@: vitalised, on recite cooldown
A: almost no armour, amphibious, 8 rings, camouflage 1, gelatinous body 1,
(nimble swimmer 1), tentacles
a: Renounce Religion, Recite, Vitalisation, Imprison, Donate Gold


You were on level 6 of the Dungeon.
You worshipped Zin.
Zin was most pleased with you.
You visited 1 branch of the dungeon, and saw 5 of its levels.

You collected 180 gold pieces.
You donated 18 gold pieces to Zin.

Inventory:

Hand Weapons
 a - a +0 rapier (weapon)
Armour
 b - a +0 buckler (worn)
Jewellery
 k - a +6 ring of strength (left tentacle)
 o - a ring of fire
Scrolls
 f - a scroll of enchant armour {unknown}
 i - 2 scrolls of fear {unknown}
 j - 8 scrolls of identify {unknown}
 l - 3 scrolls of enchant weapon {unknown}
 n - a scroll of immolation {unknown}
 p - 3 scrolls of magic mapping {unknown}
 q - a scroll of poison {unknown}
 r - 2 scrolls of teleportation {unknown}
 s - a scroll of fog {unknown}
Potions
 c - 2 potions of heal wounds {unknown}
 d - 3 potions of curing {unknown}
 e - 4 potions of brilliance {unknown}
 g - 2 potions of mutation {unknown}
 h - a potion of degeneration {unknown}
 m - a potion of lignification {unknown}


   Skills:
 - Level 3.0 Fighting
 + Level 6.4 Short Blades
 - Level 3.0 Dodging
 - Level 3.0 Shields


You had 5 spell levels left.
You didn't know any spells.
Your spell library was empty.

Dungeon Overview and Level Annotations

Branches:
Dungeon (6/15)
 Temple: D:4-7

Altars:
Zin

Shops:
D:6 [


Innate Abilities, Weirdness & Mutations

You cannot wear most types of armour.
You are amphibious.
You can wear up to eight rings at the same time.
Your skin changes colour to match your surroundings (Stealth+).
Your rubbery body absorbs attacks. (AC +1, EV +1)
((You are camouflaged when in or above water. (Stealth+)))
You have tentacles for arms and can constrict up to eight enemies at once.


Message History

Where to? (Enter - D:4, ? - help) Sorry, I don't know how to get there.
An ogre comes into view. It is wielding a +0 giant club.
The ogre shouts!
Found a stone staircase leading up.
Found a ring mail.
Activating: Recite (8% risk of failure)
Press: ? - help, Dir - look around, f - activate You clear your throat and prepare to recite. "It was then that Zin bade them..." "...not to stray from reverence, lest..."
The ogre is dazed by your recitation.
The ogre shouts! "...they become as damned as the legions of the damned."
You finish reciting Anathema 18:1.
Okay, then.
Okay, then.
The ogre hits you with a +0 giant club!
You barely miss the ogre.
The ogre is lost in a daze.
You puncture the ogre! You squeeze the ogre.
The ogre is moderately wounded.
The ogre hits you with a +0 giant club!!
Ouch! That really hurt!
* * * LOW HITPOINT WARNING * * *
You hit the ogre but do no damage. You squeeze the ogre!
The ogre is heavily wounded.
The ogre is no longer dazed.
Zin grants you divine stamina. You block the ogre's attack.
You hit the ogre but do no damage.
The ogre is heavily wounded.
The ogre hits you with a +0 giant club!!
Zin protects you from harm!
You hit the ogre. Your squeeze misses the ogre.
The ogre is severely wounded.
You hit the ogre.
The ogre is almost dead.
The ogre hits you with a +0 giant club!!
Ouch! That really hurt!
You die...

######'##### #.# ##.........#
#.# ####.....
##.........#####.# #........
.................######........
.....#.#.#####........#.O......
......................#........
.#############........#........
## ##>## #####........#........
.##8...8##[.....@O.............
###.....######........#...###..
.#8.....8 #.##....###.## ##
#.####...# .# .# #.# #.#.# .#
.# +.# ........ .# ###
##.##.#.# .# ... .... .# ..#
.<.


You could see an ogre.

Vanquished Creatures
  A scorpion (D:4)
  A howler monkey (D:6)
  A jelly (D:4)
  A hound (D:6)
  An iguana (D:4)
  2 adders
  A white imp (D:4)
  3 worms
  4 dart slugs
  4 orcs (D:3)
  8 ball pythons
  4 bats
  6 endoplasms
  6 giant cockroaches
  2 goblins (D:4)
  3 hobgoblins
  8 kobolds
  A quokka (D:3)
  4 rats
61 creatures vanquished.

Notes
Turn   | Place    | Note
-------+----------+-------------------------------------------
     0 | D:1      | Think the Octopode Fighter began the quest for the Orb.
     0 | D:1      | Reached XP level 1. HP: 16/16 MP: 1/1
    75 | D:1      | Found a faded altar of an unknown god.
    80 | D:1      | Prayed at the altar of an unknown god.
    80 | D:1      | Became a worshipper of Zin the Law-Giver
    80 | D:1      | Reached * piety under Zin
   239 | D:1      | Reached XP level 2. HP: 21/21 MP: 2/2
   579 | D:1      | Reached skill level 3 in Short Blades
   948 | D:2      | Reached XP level 3. HP: 26/26 MP: 3/3
  1315 | D:2      | Reached skill level 4 in Short Blades
  1905 | D:3      | Reached XP level 4. HP: 23/31 MP: 4/4
  2125 | D:3      | Reached ** piety under Zin
  3096 | D:4      | Noticed a scorpion
  3106 | D:4      | Killed a scorpion
  3107 | D:4      | Reached skill level 5 in Short Blades
  3107 | D:4      | Reached XP level 5. HP: 31/36 MP: 5/5
  3513 | D:4      | Reached skill level 6 in Short Blades
  3690 | D:4      | Found the +7 Throatcutter {drain, coup de grace}
  3715 | D:4      | You fall into a shaft and drop 2 floors!
  3732 | D:6      | Found Caokyw's Armour Emporium.
  3736 | D:6      | Reached *** piety under Zin
  3762 | D:6      | Noticed a phantom
  3821 | D:6      | Reached XP level 6. HP: 40/42 MP: 6/6
  4045 | D:6      | Noticed an ice beast
  4098 | D:6      | Zin protects you from harm!
  4100 | D:6      | Mangled by an ogre

Illustrated notes

Levels and vault maps discovered:
D:1:      tarquinn_simple_flora_water_e, layout_basic,
          shapermc_ecumenical_altar_mp_ritualfount, st_stairs_7,
          roderic_serpentine_path
D:2:      layout_basic
D:3:      layout_loops_corners, hangedman_decor_opposing, grunt_ministairs_5,
          minmay_misc_feat_rugged
D:4:      layout_rooms
D:6:      layout_basic, mainiacjoe_overflow_small_starburst,
          nicolae_overflow_hidden_temple, serial_shops, shop,
          nicolae_take_the_stairs

Skill      XL: |  1  2  3  4  5 |
---------------+----------------+-----
Short Blades   | 3 4 5 6 |  6.4
Fighting       | |  3.0
Dodging        | |  3.0
Shields        | |  3.0

Action                   |  1- 3 |  4- 6 || total
-------------------------+-------+-------++-------
Melee: Rapier            |    54 |    60 ||   114
       Constrict         |    14 |    20 ||    34
       Punch             |     1 |       ||     1
       Tentacles         |    11 |    15 ||    26
Invok: Recite            |     1 |     4 ||     5
       Vitalisation      |       |     1 ||     1
  Use: Potion            |       |     1 ||     1
 Stab: Sleeping          |     7 |     3 ||    10
Armor: Skin              |     2 |     1 ||     3
Dodge: Dodged            |    26 |    37 ||    63
Block: Buckler           |     2 |    10 ||    12

Table legend: (Time is in decaauts)
 A = Elapsed time spent in this place.
 B = Non-inter-level travel time spent in this place.
 C = Inter-level travel time spent in this place.
 D = Time resting spent in this place.
 E = Time spent auto-exploring this place.
 F = Levels seen in this place.
 G = Mean time per level.
                   A        B        C        D        E       F      G
               +--------+--------+--------+--------+--------+-----+--------+
         Total |   4102 |   3988 |    114 |      0 |   3454 |   5 |  820.4 |
       Dungeon |   4102 |   3988 |    114 |      0 |   3454 |   5 |  820.4 |
               +--------+--------+--------+--------+--------+-----+--------+

Top non-repeatable levels by time:
     D:3: 1188 daAuts
     D:2: 972 daAuts
     D:4: 795 daAuts
     D:1: 762 daAuts
     D:6: 384 daAuts
